 Dungeon Crawl Stone Soup version 0.28.0-47-ge53b351184 (webtiles) character file.

Game seed: 2698143602001925889

86 warriortoast the Firebug (level 4, -2/24 HPs)
             Began as a Deep Elf Fire Elementalist on Apr 25, 2022.
             Succumbed to a killer bee's poison
             ... on level 3 of the Dungeon.
             The game lasted 00:12:26 (2914 turns).

warriortoast the Firebug (DEFE)                     Turns: 2914, Time: 00:12:27

Health: -2/24      AC:  2    Str:  5    XL:     4   Next: 26%
Magic:  10/12      EV: 12    Int: 22    God:
Gold:   68         SH:  0    Dex: 15    Spells: 2/11 levels left

rFire   . . .      SeeInvis .   i - +3 long sword (holy)
rCold   . . .      Faith    .   (no shield)
rNeg    . . .      Spirit   .   a - +0 robe
rPois   .          Reflect  .   (no helmet)
rElec   .          Harm     .   (no cloak)
rCorr   .          Rampage  .   (no gloves)
Will    .....                   (no boots)
Stlth   ++........              (no amulet)
HPRegen 0.08/turn               (no ring)
MPRegen 0.13/turn               (no ring)

@: lethally poisoned (-2 -> -18)
A: no striking features
a: no special abilities


You were on level 3 of the Dungeon.
You visited 1 branch of the dungeon, and saw 4 of its levels.

You collected 68 gold pieces.

Inventory:

Hand Weapons
 g - a +0 short sword
 i - a +3 long sword of holy wrath (weapon)
Armour
 a - a +0 robe (worn)
 m - an orb of energy
Scrolls
 b - a scroll of identify {unknown}
 c - a scroll of silence {unknown}
 d - a scroll of amnesia {unknown}
 h - 2 scrolls of fog {unknown}
 j - a scroll of teleportation {unknown}
 k - a scroll of blinking {unknown}
 l - a scroll of immolation {unknown}
 n - a scroll of enchant weapon {unknown}
Potions
 e - a potion of degeneration {unknown}
 f - 2 potions of curing {unknown}


   Skills:
 - Level 2.4 Dodging
 - Level 2.4 Stealth
 + Level 4.3 Spellcasting
 + Level 2.2 Conjurations
 + Level 4.5 Fire Magic


You had 2 spell levels left.
You knew the following spells:

 Your Spells              Type           Power      Damage    Failure   Level
a - Foxfire               Conj/Fire      76%        2x1d7     2%          1
b - Scorch                Fire           48%        2d7       2%          2
c - Conjure Flame         Conj/Fire      19%        6-21      9%          3
d - Inner Flame           Hex/Fire       14%        N/A       13%         3

Your spell library contained the following spells:

 Spells                   Type           Power      Damage    Failure   Level
 Flame Wave               Conj/Fire      19%        2d6       26%         4


Dungeon Overview and Level Annotations

Branches:
Dungeon (4/15)
 Temple: D:4-7

Altars:

Annotations:
D:3 Grinder


Message History

Your foxfire dissipates!
You see here a quokka corpse.
You see here a quokka corpse.
Found a stone staircase leading down.
There is a stone staircase leading down here.
A bat comes into view.
Casting: Foxfire (safe; 2% risk of failure)
Confirm with . or Enter, or press ? or * to list all spells.
You conjure some foxfire!
Casting: Foxfire (safe; 2% risk of failure)
Confirm with . or Enter, or press ? or * to list all spells.
You conjure some foxfire!
The foxfire hits the bat.
You kill the bat!
Your foxfire dissipates!
You see here a bat corpse.
You see here a bat corpse.
Found a ring mail.
You see here a +0 ring mail.
Grinder comes into view.
There is a stone staircase leading down here.
You climb downwards.
The killer bee buzzes angrily. x4
Found an escape hatch in the ceiling.
Found a stone staircase leading down.
There is a stone staircase leading up here.
The killer bee completely misses you. The killer bee stings you!
You are poisoned.
The killer bee poisons you! The killer bee stings you!
You are more poisoned.
The killer bee poisons you! The killer bee barely misses you.
You climb upwards.
Level annotation: Grinder
* * * LOW HITPOINT WARNING * * *
You feel extremely sick.
There is a stone staircase leading down here.
Casting: Foxfire (safe; 2% risk of failure)
Confirm with . or Enter, or press ? or * to list all spells.
Flames lash the killer bee.
The killer bee is severely wounded.
The killer bee's fire resistance burns away.
You die...

......#.#.# #.##.######
........#.# #.##......#
......###.# #.#######.#
......# #.# #.# #.#
#.###.# #.# #.##### #.#
#.# #.# #.# #.....###.#
..# #.# #.# ####...##.#
..###.###.# #####y#.#.#.#
..........###...@.......#
..###.##.#.##.###.#.#.#.#
..###.#.###†#.# ##...##.#
.......## ##..# #.###.#
#####.## ##.#####.# #.#
##.## ##........# #.#####
##.###.###########.....#
##.#.###..........###.#
##.## #.########## #.#


You could see a killer bee (combustible).

Vanquished Creatures
  3 adders (D:2)
  A worm (D:2)
  3 dart slugs (D:1)
  2 endoplasms
  4 giant cockroaches
  7 goblins
  2 hobgoblins
  2 kobolds
  4 quokkas
  5 ball pythons
  5 bats
  5 frilled lizards
  7 rats
50 creatures vanquished.

Vanquished Creatures (others)
  215 foxfires
215 creatures vanquished.

Grand Total: 265 creatures vanquished

Notes
Turn   | Place    | Note
-------+----------+-------------------------------------------
     0 | D:1      | warriortoast the Deep Elf Fire Elementalist began the quest
                  | for the Orb.
     0 | D:1      | Reached XP level 1. HP: 10/10 MP: 6/6
   349 | D:1      | Reached XP level 2. HP: 15/15 MP: 2/8
   491 | D:1      | Found a faded altar of an unknown god.
  1106 | D:1      | Reached XP level 3. HP: 19/19 MP: 1/10
  1499 | D:2      | Learned a level 2 spell: Scorch
  1503 | D:2      | Learned a level 3 spell: Conjure Flame
  1507 | D:2      | Learned a level 3 spell: Inner Flame
  2097 | D:2      | Reached XP level 4. HP: 24/24 MP: 7/12
  2884 | D:3      | Noticed Grinder
  2914 | D:3      | Succumbed to a killer bee's poison

Illustrated notes

Levels and vault maps discovered:
D:1:      shiori_arrival_elements, layout_loops_ring,
          shapermc_ecumenical_altar_starsandcircs, item_on_display_a
D:2:      layout_basic, hex_medium, minmay_3d_cube
D:3:      layout_loops_ring, st_stairs_2, lemuel_flame_loot_1, uniq_grinder
D:4:      layout_rooms, serial_shops, nicolae_shop_hallway_plus,
          roderic_roman_lattice, corner_web_ring, hangedman_decor_growths,
          roderic_lattice_a

Skill      XL: |  1  2  3 |
---------------+----------+-----
Fire Magic     | 4 |  4.5
Spellcasting   | 4 |  4.3
Conjurations   | 2 |  2.2
Dodging        | |  2.4
Stealth        | |  2.4

Action                   |  1- 3 |  4- 6 || total
-------------------------+-------+-------++-------
 Cast: Foxfire           |   119 |    27 ||   146
       Scorch            |     5 |     1 ||     6
Armor: Robe              |       |     1 ||     1
Dodge: Dodged            |     6 |     2 ||     8
